[Event "Turkish Second League 2019"]
[Site "Konya"]
[Date "2019.07.25"]
[Round "6"]
[White "Yilmazyerli, Mert"]
[Black "Shanava, Konstantine"]
[Result "1-0"]
[ECO "B07"]
[WhiteElo "2420"]
[BlackElo "2538"]
[Annotator "ChessBase"]
[PlyCount "97"]
[EventDate "2019.07.22"]
[EventType "team-tourn"]
[EventCountry "TUR"]
[SourceTitle "playchess.com"]
[Source "ChessBase"]
[SourceQuality "1"]
[TimeControl "5400+30"]

1. Nf3 d6 2. d4 Bg4 3. Nbd2 g6 4. e4 Bg7 5. h3 Bxf3 6. Nxf3 Nf6 7. Bd3 O-O 8. O-O Nc6 9. c3 e5 10. dxe5 dxe5 11. Bg5 h6 12. Bxf6 Qxf6 13. Qe2 Nd8 14. Rad1 Ne6 15. g3 a5 16. Kg2 Nc5 17. Bc2 c6 18. Rd2 Qe6 19. Qe3 Qc4 20. b3 Qb5 21. Rfd1 Rfe8 22. a4 Qb6 23. Bd3 Nd7 24. Bc4 Qxe3 25. Bxf7+ Kxf7 26. Rxd7+ Re7 27. fxe3 Rae8 28. R7d6 Re6 29. Rd7+ R6e7 30. Kf2 Rxd7 31. Rxd7+ Re7 32. Rd8 Re8 33. Rxe8 Kxe8 34. Ke2 Bf6 35. Kd3 Kd7 36. Kc4 Kd6 37. b4 axb4 38. cxb4 Kc7 39. b5 Kb6 40. a5+ Kc7 41. Ne1 cxb5+ 42. Kxb5 Be7 43. Nf3 Kd6 44. Nh4 Bg5 45. Nxg6 Bxe3 46. Nh4 Ke6 47. Nf5 Bd2 48. Kb6 Kf6 49. Nxh6 1-0

[Event "Turkish Second League 2019"]
[Site "Konya"]
[Date "2019.07.25"]
[Round "6"]
[White "Buyukasik, Diyap"]
[Black "Kara, Yanki"]
[Result "1/2-1/2"]
[ECO "A37"]
[WhiteElo "2268"]
[BlackElo "2193"]
[Annotator "NA"]
[PlyCount "149"]
[EventDate "2019.07.22"]
[EventType "team-tourn"]
[EventCountry "TUR"]
[SourceTitle "playchess.com"]
[Source "ChessBase"]
[SourceQuality "1"]
[TimeControl "5400+30"]

1. Nf3 g6 2. c4 Bg7 3. g3 c5 4. Bg2 Nc6 5. O-O Nh6 6. Nc3 Nf5 7. a3 O-O 8. Rb1 a5 9. Ne1 d6 10. Nc2 Nfd4 11. Na1 Bg4 12. h3 Bd7 13. e3 Nf5 14. Nc2 a4 15. d3 h5 16. Bd2 Ra7 17. Ne2 Ne5 18. Bc3 e6 19. Kh2 Bc6 20. e4 Ne7 21. f4 Nd7 22. Bxg7 Kxg7 23. d4 b6 24. Nc3 cxd4 25. Qxd4+ Kg8 26. Nb5 Bxb5 27. cxb5 Nc5 28. Nb4 Qd7 29. f5 exf5 30. Nc6 Rc7 31. Nxe7+ Qxe7 32. exf5 Qe5 33. Qh4 Re7 34. Rbd1 Ree8 35. Rf2 Qe3 36. Qd4 Qg5 37. h4 Qe7 38. Qxd6 Qe3 39. Qd4 Qxd4 40. Rxd4 Rd8 41. Rfd2 Rxd4 42. Rxd4 gxf5 43. Bc6 Kg7 44. Bf3 Re8 45. Bxh5 Re6 46. Kg2 Kf6 47. Bd1 Re1 48. Kf2 Rh1 49. Kg2 Re1 50. Kf2 Rh1 51. Bxa4 Rh2+ 52. Ke3 Rxb2 53. Bd1 Rxb5 54. Bc2 Rb2 55. Rc4 Ra2 56. Rc3 Ke5 57. h5 Ra1 58. Kf3 Rh1 59. a4 Ne6 60. Kg2 Rxh5 61. Bd1 Rg5 62. Rb3 Rg6 63. Rb5+ Ke4 64. Bc2+ Ke3 65. Rxf5 Rg7 66. Rf3+ Kd4 67. Bb3 Ng5 68. Rf4+ Ne4 69. g4 f5 70. Kf3 fxg4+ 71. Rxg4 Rxg4 72. Kxg4 Nc5 73. Bf7 Nxa4 74. Be8 b5 75. Bxb5 1/2-1/2

[Event "Turkish Second League 2019"]
[Site "Konya"]
[Date "2019.07.25"]
[Round "6"]
[White "Ozenir, Ekin Baris"]
[Black "Buke, Furkan"]
[Result "1-0"]
[ECO "E54"]
[WhiteElo "2235"]
[BlackElo "1959"]
[Annotator "NA"]
[PlyCount "63"]
[EventDate "2019.07.22"]
[EventType "team-tourn"]
[EventCountry "TUR"]
[SourceTitle "playchess.com"]
[Source "ChessBase"]
[SourceQuality "1"]
[TimeControl "5400+30"]

1. d4 Nf6 2. c4 e6 3. Nc3 Bb4 4. e3 O-O 5. Bd3 d5 6. Nf3 c5 7. O-O cxd4 8. exd4 dxc4 9. Bxc4 b6 10. a3 Bxc3 11. bxc3 Bb7 12. Bd3 Qc7 13. c4 Nbd7 14. Bb2 Rfd8 15. Re1 Qf4 16. Qc1 Nh5 17. Qe3 Qxe3 18. Rxe3 Nf4 19. Bf1 Rac8 20. a4 a5 21. Nd2 Bc6 22. Ne4 Nb8 23. f3 Na6 24. Rb3 Nb4 25. Bc3 Nc2 26. Ra2 Nxd4 27. Rxb6 Nf5 28. Bxa5 Rd1 29. Bd2 Ne2+ 30. Kf2 Nc1 31. Rab2 Bxa4 32. Nc3 1-0

[Event "Turkish Second League 2019"]
[Site "Konya"]
[Date "2019.07.25"]
[Round "6"]
[White "Ozturk, Emir"]
[Black "Karaoglan, Doruk"]
[Result "1-0"]
[ECO "E68"]
[WhiteElo "2216"]
[BlackElo "2278"]
[Annotator "NA"]
[PlyCount "133"]
[EventDate "2019.07.22"]
[EventType "team-tourn"]
[EventCountry "TUR"]
[SourceTitle "playchess.com"]
[Source "ChessBase"]
[SourceQuality "1"]
[TimeControl "5400+30"]

1. d4 Nf6 2. c4 g6 3. Nf3 Bg7 4. g3 O-O 5. Bg2 d6 6. Nc3 Nbd7 7. O-O e5 8. e4 exd4 9. Nxd4 Re8 10. h3 a6 11. Re1 Rb8 12. a4 a5 13. Ndb5 Nc5 14. Bf4 Nfd7 15. Qc2 Ne5 16. Rad1 Be6 17. b3 Qd7 18. Kh2 Rbd8 19. Bg5 Ra8 20. Be3 Qc8 21. f4 Nc6 22. Nd5 Na6 23. Qf2 f5 24. Ndxc7 Nxc7 25. Nxd6 Qb8 26. exf5 Bxf5 27. Nxe8 Nxe8 28. g4 Be6 29. Bb6 Bf7 30. Kh1 Qc8 31. Re2 Nf6 32. Bf3 Qf8 33. Bc5 Qc8 34. Kg2 Nd7 35. Bd6 Ra6 36. g5 Nb4 37. Re7 Nc6 38. Re2 Nf8 39. Bg4 Qa8 40. Kh2 Qa7 41. Bc5 Qb8 42. Kg2 Qa8 43. Qf3 Qb8 44. Rd6 Qc7 45. Rd1 Ra8 46. Qf2 Ra6 47. Kg3 h5 48. gxh6 Bxh6 49. Re4 g5 50. Bxf8 Bxf8 51. Rd7 Qb6 52. fxg5 Qxf2+ 53. Kxf2 Rb6 54. Bd1 Nb4 55. Rf4 Bg6 56. Kg2 Bc5 57. Rf6 Rxf6 58. gxf6 b6 59. Rg7+ Kf8 60. Rxg6 Nd3 61. Rh6 Be3 62. Rh7 Bg5 63. Bh5 Nf4+ 64. Kf3 Nxh5 65. Rxh5 Bxf6 66. Rf5 Ke7 67. Rxf6 1-0

[Event "Turkish Second League 2019"]
[Site "Konya"]
[Date "2019.07.25"]
[Round "6"]
[White "Topak, Engin"]
[Black "Yildizak, Goksel"]
[Result "1-0"]
[ECO "E95"]
[WhiteElo "2206"]
[BlackElo "1950"]
[Annotator "NA"]
[PlyCount "71"]
[EventDate "2019.07.22"]
[EventType "team-tourn"]
[EventCountry "TUR"]
[SourceTitle "playchess.com"]
[Source "ChessBase"]
[SourceQuality "1"]
[TimeControl "5400+30"]

1. c4 Nf6 2. Nc3 g6 3. Nf3 Bg7 4. e4 d6 5. d4 O-O 6. Be2 Nbd7 7. O-O e5 8. Re1 c6 9. Bf1 Qe7 10. d5 c5 11. g3 Ne8 12. Bh3 f5 13. exf5 Nb6 14. Qe2 gxf5 15. a4 a5 16. Ra3 Nc7 17. Rb3 Ra6 18. Nh4 Bd7 19. Nb5 Ne8 20. Rf3 f4 21. Bxd7 Qxd7 22. b3 Nc7 23. Nxc7 Qxc7 24. gxf4 Qd8 25. Ng2 Nd7 26. Rg3 Kh8 27. Bb2 Ra8 28. Rxg7 Kxg7 29. fxe5 dxe5 30. f4 Rf6 31. fxe5 Rg6 32. e6+ Nf6 33. e7 Qe8 34. d6 Kg8 35. Bxf6 Rxf6 36. d7 1-0

[Event "Turkish Second League 2019"]
[Site "Konya"]
[Date "2019.07.25"]
[Round "6"]
[White "Ibrahimova, Sabina"]
[Black "Abdimanoglu, Beste Basak"]
[Result "1-0"]
[ECO "B08"]
[WhiteElo "2190"]
[BlackElo "1898"]
[Annotator "NA"]
[PlyCount "77"]
[EventDate "2019.07.22"]
[EventType "team-tourn"]
[EventCountry "TUR"]
[SourceTitle "playchess.com"]
[Source "ChessBase"]
[SourceQuality "1"]
[TimeControl "5400+30"]

1. e4 g6 2. d4 Bg7 3. Nc3 d6 4. Nf3 Nf6 5. h3 O-O 6. Be2 a6 7. a4 b6 8. O-O Nc6 9. d5 Ne5 10. Nd4 Bb7 11. f4 Ned7 12. Bf3 Qe8 13. Nb3 e5 14. dxe6 fxe6 15. g4 Qf7 16. Be3 Rab8 17. Qe1 Nc5 18. Nxc5 bxc5 19. Rd1 Ne8 20. Bg2 Qe7 21. Kh1 Ba8 22. Bc1 Nf6 23. Qe2 Ne8 24. Qxa6 Nf6 25. Qe2 Nd7 26. Nb5 Rbc8 27. c4 Nf6 28. Rd3 Ne8 29. Rfd1 Rd8 30. e5 Bxg2+ 31. Kxg2 Qd7 32. Qe4 Qe7 33. Be3 d5 34. cxd5 exd5 35. Rxd5 Nf6 36. Bxc5 Qxc5 37. exf6 Rxd5 38. Rxd5 Qc1 39. Qe6+ 1-0

[Event "Turkish Second League 2019"]
[Site "Konya"]
[Date "2019.07.25"]
[Round "6"]
[White "Kizilkus, Akin"]
[Black "Can, Furkan"]
[Result "1/2-1/2"]
[ECO "D94"]
[WhiteElo "2162"]
[BlackElo "1900"]
[Annotator "NA"]
[PlyCount "132"]
[EventDate "2019.07.22"]
[EventType "team-tourn"]
[EventCountry "TUR"]
[SourceTitle "playchess.com"]
[Source "ChessBase"]
[SourceQuality "1"]
[TimeControl "5400+30"]

1. d4 d5 2. c4 c6 3. e3 Nf6 4. Nc3 g6 5. Nf3 Bg7 6. Be2 O-O 7. O-O dxc4 8. Bxc4 b5 9. Be2 a6 10. a3 Nd5 11. Ne4 Nd7 12. Bd2 c5 13. dxc5 Bb7 14. Rc1 Nxe3 15. Bxe3 Bxe4 16. Qb3 Qc7 17. Rfd1 Rad8 18. a4 bxa4 19. Qxa4 Bc6 20. Qxa6 Bxb2 21. Rb1 Ra8 22. Qc4 Ne5 23. Nxe5 Bxe5 24. h3 Rfd8 25. Rxd8+ Rxd8 26. Rb6 Ra8 27. Rb1 h5 28. Bd3 Kg7 29. Re1 Ra1 30. Rxa1 Bxa1 31. f4 Bf6 32. Be4 Qb7 33. Bxc6 Qxc6 34. Qd3 h4 35. Qc4 Kg8 36. Kf2 Kg7 37. Qd3 Qa4 38. Qd5 Qc2+ 39. Kf3 e6 40. Qd7 Qc4 41. c6 Qf1+ 42. Bf2 Qb1 43. c7 Qb7+ 44. Ke2 Qb2+ 45. Kf1 Qc1+ 46. Ke2 Qb2+ 47. Ke3 Qb3+ 48. Ke4 Qb7+ 49. Ke3 Qb3+ 50. Kd2 Qb2+ 51. Kd1 Qb1+ 52. Ke2 Qb2+ 53. Kf3 Qb7+ 54. Ke3 Qb3+ 55. Ke2 Qb2+ 56. Kf1 Qc1+ 57. Ke2 Qb2+ 58. Kd3 Qb3+ 59. Ke4 Qb7+ 60. Kd3 Qb3+ 61. Ke2 Qb2+ 62. Qd2 Qb5+ 63. Kd1 Qb1+ 64. Ke2 Qe4+ 65. Kd1 Qb1+ 66. Ke2 Qe4+ 1/2-1/2

[Event "Turkish Second League 2019"]
[Site "Konya"]
[Date "2019.07.25"]
[Round "6"]
[White "Zor, Alber Kadir"]
[Black "Yigit, Ahmet Yasir"]
[Result "1-0"]
[ECO "D02"]
[WhiteElo "2160"]
[BlackElo "1962"]
[Annotator "NA"]
[PlyCount "54"]
[EventDate "2019.07.22"]
[EventType "team-tourn"]
[EventCountry "TUR"]
[SourceTitle "playchess.com"]
[Source "ChessBase"]
[SourceQuality "1"]
[TimeControl "5400+30"]

1. d4 Nf6 2. Nf3 d5 3. Bf4 c5 4. e3 Nc6 5. Nbd2 Bg4 6. c3 Qb6 7. dxc5 Qxb2 8. Rb1 Qxc3 9. Rxb7 Bxf3 10. gxf3 e5 11. Bb5 Rc8 12. Bxc6+ Kd8 13. Bg5 Rxc6 14. Qa4 Qxc5 15. O-O Bd6 16. Nb3 Qc4 17. Qa5+ Kc8 18. Rxa7 Bc7 19. Rxc7+ Rxc7 20. Qa8+ Kd7 21. Qxh8 Ne8 22. Qxh7 f6 23. Bh4 Qa6 24. Qb1 Ke7 25. Bg3 Nd6 26. Rd1 Ke6 27. f4 Ne4 1-0

[Event "Turkish Second League 2019"]
[Site "Konya"]
[Date "2019.07.25"]
[Round "6"]
[White "Metin, Mehmet"]
[Black "Tepe, Efe Can"]
[Result "1/2-1/2"]
[ECO "E91"]
[WhiteElo "2150"]
[BlackElo "2150"]
[Annotator "NA"]
[PlyCount "93"]
[EventDate "2019.07.22"]
[EventType "team-tourn"]
[EventCountry "TUR"]
[SourceTitle "playchess.com"]
[Source "ChessBase"]
[SourceQuality "1"]
[TimeControl "5400+30"]

1. c4 Nf6 2. Nc3 g6 3. d4 Bg7 4. e4 d6 5. Be2 O-O 6. Nf3 c5 7. O-O Bg4 8. Be3 Bxf3 9. Bxf3 cxd4 10. Bxd4 Nc6 11. Be3 Rc8 12. Be2 Qa5 13. Rc1 Nd7 14. Qd2 Nc5 15. Bh6 Ne6 16. Bxg7 Kxg7 17. Bg4 Ne5 18. Bxe6 fxe6 19. b3 Qc5 20. Na4 Qc6 21. f4 Ng4 22. Qe2 Nf6 23. e5 Ne4 24. Qe3 d5 25. cxd5 Qxd5 26. Rcd1 Qc6 27. Rde1 b5 28. Qxe4 bxa4 29. bxa4 Qxe4 30. Rxe4 Rfd8 31. Re2 Rd4 32. g3 Rxa4 33. Rb1 Kf7 34. Kg2 Ra3 35. Rb7 Rc5 36. Rd2 Rd5 37. Rc2 g5 38. Rcc7 gxf4 39. Rxe7+ Kg6 40. Rxe6+ Kf5 41. Rf6+ Kxe5 42. Rxf4 Rd2+ 43. Rf2 Rxf2+ 44. Kxf2 Rxa2+ 45. Kf3 Rxh2 46. Rxa7 Kf6 47. Ke4 1/2-1/2

[Event "Turkish Second League 2019"]
[Site "Konya"]
[Date "2019.07.25"]
[Round "6"]
[White "Tasci, Onur"]
[Black "Darban, Morteza"]
[Result "0-1"]
[ECO "C07"]
[WhiteElo "2063"]
[BlackElo "2282"]
[Annotator "NA"]
[PlyCount "46"]
[EventDate "2019.07.22"]
[EventType "team-tourn"]
[EventCountry "TUR"]
[SourceTitle "playchess.com"]
[Source "ChessBase"]
[SourceQuality "1"]
[TimeControl "5400+30"]

1. e4 e6 2. d4 d5 3. Nd2 c5 4. c3 cxd4 5. cxd4 dxe4 6. Nxe4 Be7 7. Nf3 Nf6 8. Nxf6+ Bxf6 9. Bc4 O-O 10. O-O Nc6 11. Be3 b6 12. Qd2 Bb7 13. Rfd1 Rc8 14. Rac1 Ne7 15. Ne5 Ng6 16. Ng4 Rxc4 17. Nxf6+ gxf6 18. Rxc4 Qd5 19. f3 Qxc4 20. Rc1 Qd5 21. Rc7 Rc8 22. Qc3 Rxc7 23. Qxc7 Kg7 0-1

[Event "Turkish Second League 2019"]
[Site "Konya"]
[Date "2019.07.25"]
[Round "6"]
[White "Ozdemir, Serhan Berat"]
[Black "Zuberoglu, Ibrahim Berk"]
[Result "0-1"]
[ECO "B27"]
[WhiteElo "1985"]
[BlackElo "1737"]
[Annotator "NA"]
[PlyCount "69"]
[EventDate "2019.07.22"]
[EventType "team-tourn"]
[EventCountry "TUR"]
[SourceTitle "playchess.com"]
[Source "ChessBase"]
[SourceQuality "1"]
[TimeControl "5400+30"]

1. e4 c5 2. Nf3 g6 3. d4 cxd4 4. Qxd4 Nf6 5. e5 Nc6 6. Qa4 Nd5 7. Qe4 Nb6 8. Nc3 Bg7 9. Bf4 f6 10. O-O-O fxe5 11. Nxe5 O-O 12. Bc4+ Nxc4 13. Qxc4+ e6 14. Nxc6 bxc6 15. Bd6 Rxf2 16. Ne4 Rf5 17. g4 Rb5 18. c3 Ba6 19. Qa4 Ra5 20. Qb3 Be2 21. Rde1 Bxg4 22. a4 Bf5 23. Kb1 Rd5 24. Bg3 d6 25. Ka2 Rb8 26. Qc4 Qb6 27. b4 Bxe4 28. Qxe4 Bxc3 29. Qxe6+ Kh8 30. Bxd6 Qf2+ 31. Re2 Rxd6 32. Rb1 Rxe6 33. Rxf2 Bxb4 34. a5 Re5 35. Rf4 0-1

[Event "Turkish Second League 2019"]
[Site "Konya"]
[Date "2019.07.25"]
[Round "6"]
[White "Danaci, Ege"]
[Black "Turkmen, Yusuf Cagan"]
[Result "1/2-1/2"]
[ECO "B25"]
[WhiteElo "1976"]
[BlackElo "1796"]
[Annotator "NA"]
[PlyCount "62"]
[EventDate "2019.07.22"]
[EventType "team-tourn"]
[EventCountry "TUR"]
[SourceTitle "playchess.com"]
[Source "ChessBase"]
[SourceQuality "1"]
[TimeControl "5400+30"]

1. e4 c5 2. Nc3 Nc6 3. g3 g6 4. Bg2 Bg7 5. d3 d6 6. f4 e5 7. Nh3 Nge7 8. O-O O-O 9. f5 gxf5 10. Qh5 f6 11. exf5 Qe8 12. Qxe8 Rxe8 13. g4 Nd4 14. Rf2 h5 15. gxh5 Bxf5 16. Be3 Rad8 17. Ne4 b6 18. c3 Ndc6 19. c4 Bg4 20. h6 f5 21. hxg7 fxe4 22. Bh6 Kh7 23. Rf6 Ng6 24. Bxe4 Nce7 25. Nf2 Kxh6 26. Nxg4+ Kxg7 27. Raf1 Nf4 28. Rh6 Rh8 29. Rxh8 Rxh8 30. Ne3 Ne2+ 31. Kg2 Nf4+ 1/2-1/2

[Event "Turkish Second League 2019"]
[Site "Konya"]
[Date "2019.07.25"]
[Round "6"]
[White "Donmez, Taha Mert"]
[Black "Demirbag, Alihan"]
[Result "0-1"]
[ECO "A26"]
[WhiteElo "1961"]
[BlackElo "2087"]
[Annotator "NA"]
[PlyCount "72"]
[EventDate "2019.07.22"]
[EventType "team-tourn"]
[EventCountry "TUR"]
[SourceTitle "playchess.com"]
[Source "ChessBase"]
[SourceQuality "1"]
[TimeControl "5400+30"]

1. Nf3 g6 2. c4 Bg7 3. Nc3 e5 4. g3 Nc6 5. Bg2 d6 6. d3 f5 7. O-O Nf6 8. Ne1 O-O 9. Nc2 h6 10. Ne3 Ne7 11. b4 g5 12. Bb2 c6 13. b5 f4 14. Nc2 Be6 15. Nb4 Qd7 16. bxc6 bxc6 17. Qa4 Rac8 18. Rab1 Bh3 19. Ne4 Bxg2 20. Kxg2 g4 21. Kg1 f3 22. e3 Ne8 23. Nc2 Qf5 24. Rfd1 Qh5 25. Nd2 Rc7 26. Ba3 Qh3 27. Ne1 Nf5 28. Nf1 h5 29. c5 d5 30. Rb4 a5 31. Qxa5 d4 32. Bc1 h4 33. Rb2 Rcf7 34. Qa4 hxg3 35. hxg3 Bf6 36. Qc4 Kg7 0-1

[Event "Turkish Second League 2019"]
[Site "Konya"]
[Date "2019.07.25"]
[Round "6"]
[White "Yurtoglu, Osman Talha"]
[Black "Kayan, Veli"]
[Result "0-1"]
[ECO "B51"]
[WhiteElo "1923"]
[BlackElo "1863"]
[Annotator "NA"]
[PlyCount "114"]
[EventDate "2019.07.22"]
[EventType "team-tourn"]
[EventCountry "TUR"]
[SourceTitle "playchess.com"]
[Source "ChessBase"]
[SourceQuality "1"]
[TimeControl "5400+30"]

1. e4 c5 2. Nf3 d6 3. d4 cxd4 4. Qxd4 e5 5. Bb5+ Nd7 6. Qd3 a6 7. Bxd7+ Bxd7 8. c4 h6 9. Nc3 Nf6 10. O-O Be7 11. Ne1 O-O 12. f4 b5 13. fxe5 bxc4 14. Qg3 Ng4 15. Nf3 dxe5 16. h3 Bc5+ 17. Kh1 f5 18. hxg4 fxg4 19. Nh2 Qb6 20. Nd5 Rxf1+ 21. Nxf1 Rf8 22. Nh2 Qb8 23. Bd2 Bf2 24. Qc3 g3 25. Qxc4 Kh7 26. Bb4 Qe8 27. Qe2 Rf7 28. Rf1 Bb5 29. Qh5 g6 30. Qh4 g5 31. Qh5 gxh2 32. Nf6+ Rxf6 33. Qxe8 Bxe8 34. Bc5 Bxc5 35. Rxf6 Bb5 36. Kxh2 Kg7 37. Re6 Bd4 38. b3 h5 39. a4 Bd3 40. Rd6 h4 41. Kh3 Be2 42. b4 Kf7 43. b5 axb5 44. axb5 Bxb5 45. Kg4 Be3 46. Kf5 Bf4 47. Rf6+ Ke7 48. Re6+ Kd8 49. Rb6 Bf1 50. Rb2 h3 51. gxh3 Bxh3+ 52. Kf6 Kd7 53. Rb7+ Kc6 54. Rh7 g4 55. Rh8 Bg2 56. Kf5 g3 57. Kg4 Bxe4 0-1

[Event "Turkish Second League 2019"]
[Site "Konya"]
[Date "2019.07.25"]
[Round "6"]
[White "Aydin, Ersin"]
[Black "Kisadere, Kutay"]
[Result "1/2-1/2"]
[ECO "E03"]
[WhiteElo "1908"]
[BlackElo "1770"]
[Annotator "NA"]
[PlyCount "114"]
[EventDate "2019.07.22"]
[EventType "team-tourn"]
[EventCountry "TUR"]
[SourceTitle "playchess.com"]
[Source "ChessBase"]
[SourceQuality "1"]
[TimeControl "5400+30"]

1. d4 d5 2. c4 e6 3. Nf3 Nf6 4. g3 dxc4 5. Qa4+ Nbd7 6. Qxc4 a6 7. Bg2 b5 8. Qc2 Bb7 9. O-O c5 10. dxc5 Bxc5 11. Nc3 Rc8 12. Qb3 Qb6 13. Bf4 O-O 14. Rad1 Nd5 15. Nxd5 Bxd5 16. Qd3 Nf6 17. Ne5 Bxg2 18. Kxg2 Rfd8 19. Qf3 Bd4 20. Nd3 Nd5 21. Rc1 Bf6 22. Be5 Be7 23. Rfd1 h6 24. h4 a5 25. Nf4 Nxf4+ 26. Bxf4 Bf6 27. Rxd8+ Qxd8 28. Rxc8 Qxc8 29. b3 a4 30. Qd3 Qc6+ 31. e4 Be7 32. Kg1 axb3 33. axb3 Bf6 34. Be3 Be7 35. Kf1 Bb4 36. Qd8+ Kh7 37. Qd3 Be7 38. Bd2 g6 39. Bc3 f6 40. Ke2 h5 41. Bd2 Kg7 42. Qe3 Kf7 43. f3 Qc7 44. f4 Qc6 45. Qd3 Bc5 46. Be3 Bxe3 47. Kxe3 Qc5+ 48. Qd4 Qc1+ 49. Qd2 Qg1+ 50. Kf3 Qh1+ 51. Ke3 Qg1+ 52. Kf3 Qa7 53. Qd6 Qb7 54. Ke3 f5 55. exf5 gxf5 56. Qd3 Qc6 57. Kd4 Qd5+ 1/2-1/2

[Event "Turkish Second League 2019"]
[Site "Konya"]
[Date "2019.07.25"]
[Round "6"]
[White "Ozsakallioglu, Akin"]
[Black "Temizkan, Denizcan"]
[Result "1/2-1/2"]
[ECO "C49"]
[WhiteElo "1901"]
[BlackElo "2202"]
[Annotator "NA"]
[PlyCount "141"]
[EventDate "2019.07.22"]
[EventType "team-tourn"]
[EventCountry "TUR"]
[SourceTitle "playchess.com"]
[Source "ChessBase"]
[SourceQuality "1"]
[TimeControl "5400+30"]

1. e4 e5 2. Nf3 Nc6 3. Nc3 Nf6 4. Bb5 Bb4 5. O-O O-O 6. d3 d6 7. Bg5 Ne7 8. Nh4 c6 9. Bc4 d5 10. Bb3 Qd6 11. f4 Bxc3 12. bxc3 dxe4 13. fxe5 Qxe5 14. Bxf6 gxf6 15. dxe4 Ng6 16. Nxg6 hxg6 17. Qd4 Kg7 18. Qxe5 fxe5 19. Rad1 a5 20. a4 Bg4 21. Rd6 Rae8 22. h3 Bc8 23. Rdf6 Bf5 24. Rd6 Bc8 25. g4 f5 26. gxf5 gxf5 27. Kh2 fxe4 28. Rg1+ Kh7 29. Rg5 Rf5 30. Rgg6 Rh5 31. Rg3 Rf8 32. Kg2 Rhf5 33. Rgg6 Rf2+ 34. Kg1 Rf1+ 35. Kh2 R8f2+ 36. Kg3 Rf3+ 37. Kh2 R3f2+ 38. Kg3 Rg1+ 39. Kxf2 Rxg6 40. Rd8 Bxh3 41. Re8 Rg2+ 42. Ke3 Rg3+ 43. Kf2 Rf3+ 44. Ke1 Rxc3 45. Rxe5 Bg2 46. Rxa5 c5 47. Kd2 Rg3 48. Rxc5 e3+ 49. Ke2 Bh3 50. Re5 Bg4+ 51. Kd3 e2+ 52. Kd2 Rg1 53. Rxe2 Bxe2 54. Kxe2 Rg3 55. Kd2 Kg7 56. Kc1 Kf6 57. Kb2 Ke5 58. Ka3 Kd4 59. Kb4 Rg5 60. c3+ Kd3 61. Bc4+ Ke4 62. Bb5 Ke3 63. a5 Rg6 64. Bd7 Rg7 65. Bb5 Rg6 66. Bd7 Rg7 67. Be6 Kf4 68. Bd5 Ke5 69. c4 Kd6 70. Kb5 Kc7 71. a6 1/2-1/2

[Event "Turkish Second League 2019"]
[Site "Konya"]
[Date "2019.07.25"]
[Round "6"]
[White "Isik, Recep"]
[Black "Bozkurt, Serkan"]
[Result "0-1"]
[ECO "C07"]
[WhiteElo "1893"]
[BlackElo "1689"]
[Annotator "NA"]
[PlyCount "114"]
[EventDate "2019.07.22"]
[EventType "team-tourn"]
[EventCountry "TUR"]
[SourceTitle "playchess.com"]
[Source "ChessBase"]
[SourceQuality "1"]
[TimeControl "5400+30"]

1. e4 e6 2. d4 d5 3. Nd2 c5 4. c3 cxd4 5. cxd4 Nc6 6. Ngf3 Nf6 7. e5 Nd7 8. b3 f6 9. Bb2 fxe5 10. Nxe5 Ndxe5 11. dxe5 Qg5 12. g3 Bb4 13. f4 Qg6 14. Qb1 Qh5 15. Qd3 Bd7 16. Bg2 Rc8 17. O-O Bc5+ 18. Kh1 Nb4 19. Qf3 Qg6 20. a3 Nc2 21. Rac1 O-O 22. b4 Bb6 23. Bh3 Ne3 24. Rfe1 d4 25. Qxb7 Qf7 26. Ne4 Bc6 27. Qxf7+ Kxf7 28. Bg2 Ke7 29. Kg1 d3 30. Nc5 Nxg2 31. Red1 Ne3 32. Rxd3 Nf5 33. Kf2 Rfd8 34. Rxd8 Rxd8 35. Ke1 Bd5 36. a4 Rc8 37. Kd2 Bxc5 38. bxc5 Rb8 39. Bc3 Kd7 40. g4 Ne7 41. h4 Ng6 42. f5 exf5 43. gxf5 Nxh4 44. e6+ Ke7 45. Bxg7 Nxf5 46. Be5 Rd8 47. Bc7 Rg8 48. Kc3 Rc8 49. Rd1 Bxe6 50. Bf4 Rxc5+ 51. Kb2 Rc4 52. Bg5+ Kf7 53. Ka3 Rg4 54. Bc1 Ke7 55. Rh1 Bg8 56. a5 Nd6 57. a6 Nb5+ 0-1

[Event "Turkish Second League 2019"]
[Site "Konya"]
[Date "2019.07.25"]
[Round "6"]
[White "Catal, Uktenur"]
[Black "Sade, Defne"]
[Result "1/2-1/2"]
[ECO "D36"]
[WhiteElo "1885"]
[BlackElo "1897"]
[Annotator "NA"]
[PlyCount "63"]
[EventDate "2019.07.22"]
[EventType "team-tourn"]
[EventCountry "TUR"]
[SourceTitle "playchess.com"]
[Source "ChessBase"]
[SourceQuality "1"]
[TimeControl "5400+30"]

1. d4 d5 2. c4 e6 3. Nc3 Nf6 4. cxd5 exd5 5. Bg5 Be7 6. e3 c6 7. Bd3 Nbd7 8. Nge2 Nh5 9. Bxe7 Qxe7 10. Qc2 g6 11. O-O-O Nb6 12. Kb1 Ng7 13. Nf4 Be6 14. Rhe1 O-O 15. h3 Rfc8 16. Rc1 a5 17. Nxe6 Nxe6 18. f4 Nc4 19. f5 Nc7 20. Bxc4 dxc4 21. Na4 Ra6 22. Nc5 Rb6 23. fxg6 hxg6 24. Qxc4 Rb4 25. Qc2 Nb5 26. Ka1 Nd6 27. b3 Ra8 28. Nd3 Rb6 29. Nc5 Rb4 30. Nd3 Rb6 31. Nb2 Rb4 32. Nd3 1/2-1/2

[Event "Turkish Second League 2019"]
[Site "Konya"]
[Date "2019.07.25"]
[Round "6"]
[White "Bicer, Atakan Mert"]
[Black "Isik, Alparslan"]
[Result "1-0"]
[ECO "E97"]
[WhiteElo "1870"]
[BlackElo "2293"]
[Annotator "NA"]
[PlyCount "89"]
[EventDate "2019.07.22"]
[EventType "team-tourn"]
[EventCountry "TUR"]
[SourceTitle "playchess.com"]
[Source "ChessBase"]
[SourceQuality "1"]
[TimeControl "5400+30"]

1. Nf3 g6 2. c4 Bg7 3. Nc3 d6 4. d4 Nf6 5. e4 O-O 6. Be2 e5 7. O-O Nc6 8. Be3 Ng4 9. Bg5 f6 10. Bc1 exd4 11. Nxd4 Nxd4 12. Qxd4 f5 13. Qd5+ Kh8 14. Bxg4 fxg4 15. Bg5 Qe8 16. Qd2 Be6 17. b3 Be5 18. Rad1 a6 19. Be3 Kg8 20. Ne2 Bd7 21. Rfe1 Qf7 22. Bd4 Rae8 23. Nc3 Bc6 24. c5 Bxd4 25. Qxd4 dxc5 26. Qxc5 Qf4 27. Qe3 Qf7 28. Qd4 h5 29. Qc4 Re6 30. Rd2 h4 31. Re3 Rfe8 32. Rde2 b5 33. Qc5 Qf6 34. e5 Qf5 35. Ne4 Rxe5 36. Qxc6 Kg7 37. Qxc7+ R8e7 38. Qc2 Qf4 39. g3 hxg3 40. fxg3 Qf5 41. Qc3 Kh6 42. Nf2 Rc5 43. Qd2 Rxe3 44. Qxe3+ Kh5 45. Qe4 1-0

[Event "Turkish Second League 2019"]
[Site "Konya"]
[Date "2019.07.25"]
[Round "6"]
[White "Bicer, Atakan Mert"]
[Black "Erdogmus, Yagiz Kaan"]
[Result "1-0"]
[ECO "A14"]
[WhiteElo "1870"]
[BlackElo "1744"]
[Annotator "NA"]
[PlyCount "128"]
[EventDate "2019.07.22"]
[EventType "team-tourn"]
[EventCountry "TUR"]
[SourceTitle "playchess.com"]
[Source "ChessBase"]
[SourceQuality "1"]
[TimeControl "5400+30"]

1. c4 e6 2. g3 Nf6 3. Bg2 Be7 4. Nf3 O-O 5. b3 d5 6. Bb2 Nbd7 7. O-O c6 8. d3 a6 9. Nbd2 b5 10. Qc2 Bb7 11. e4 c5 12. e5 Ne8 13. h4 Nb8 14. cxd5 Bxd5 15. d4 Nd7 16. Ne4 Rc8 17. Rac1 Rc7 18. Neg5 g6 19. Qe2 Ng7 20. Ne4 c4 21. Nd6 Nb6 22. Ba3 Nf5 23. Bc5 Nc8 24. bxc4 bxc4 25. Nxc4 Bxc5 26. dxc5 Rxc5 27. Ncd2 Ra5 28. Nc4 Rb5 29. Rfd1 Qe7 30. Ng5 Qa7 31. Qg4 Bxc4 32. Rxc4 Rxe5 33. Qf4 Rc5 34. Rxc5 Qxc5 35. Ne4 Qa5 36. g4 Nxh4 37. Qh6 Qe5 38. Qxh4 Qf4 39. Rd8 Qc1+ 40. Bf1 Rxd8 41. Qxd8+ Kg7 42. Qd4+ Kf8 43. Qh8+ Ke7 44. Qxh7 Qf4 45. Qh4+ Kf8 46. Qd8+ Kg7 47. Qxc8 Qxe4 48. Qc3+ Kg8 49. f3 Qb7 50. Kg2 Kh7 51. Be2 Qb6 52. a4 Qd6 53. a5 e5 54. Qc4 Kg7 55. Qxa6 Qd2 56. Qb5 f6 57. a6 Qa2 58. Kf2 Qd2 59. Qd3 Qf4 60. Kg2 Qa4 61. Qc4 Qa5 62. Qd3 Qa4 63. Qe4 Qa2 64. Kf2 Qa1 1-0